 Dungeon Crawl Stone Soup version 0.30-a0-778-g2ef04afb54 (webtiles) character file.

Game seed: 10651508373366270926

1778 Pimp the Chopper (level 8, -16/63 HPs)
             Began as a Demonspawn Fighter on Feb 16, 2023.
             Was a Believer of Qazlal.
             Demolished by an ogre
             ... wielding a +0 giant spiked club
              (26 damage)
             ... while paralysed by Grinder
             ... on level 6 of the Dungeon.
             The game lasted 00:11:11 (5291 turns).

Pimp the Chopper (Demonspawn Fighter)               Turns: 5291, Time: 00:11:11

Health: -16/63     AC: 10    Str: 24    XL:     8   Next: 81%
Magic:  8/8        EV:  2    Int: 11    God:    Qazlal [**....]
Gold:   214        SH:  0    Dex: 12    Spells: 7/7 levels left

rFire   + . .      SeeInvis .    a - +0 war axe
rCold   + . .      Faith    .    c - +0 buckler
rNeg    . . .      Spirit   .    b - +0 scale mail
rPois   .          Reflect  .    (helmet restricted)
rElec   .          Harm     .    v - scarf {rC+ rF+}
rCorr   .          Rampage  .    (no gloves)
Will    .....                    l - +0 pair of boots Stlth
                                 (no amulet)
HPRegen 0.30/turn                r - +6 ring of strength
MPRegen 0.11/turn                (no ring)

@: paralysed, marked
A: horns 1, icy blue scales 1, demonic guardian 2
a: Renounce Religion, Upheaval


You were on level 6 of the Dungeon.
You worshipped Qazlal.
Qazlal was pleased with you.
You visited 2 branches of the dungeon, and saw 8 of its levels.

You collected 214 gold pieces.

Inventory:

Hand Weapons
 a - a +0 war axe (weapon)
Missiles
 j - 5 poisoned darts (quivered)
 A - 2 throwing nets
Armour
 b - a +0 scale mail (worn)
 c - a +0 buckler (worn)
 k - the +3 helmet "Eniociho" {rPois rC- Str+2 Int+3}
   (You found it on level 2 of the Dungeon)

   Str:       It affects your strength (+2).
   Int:       It affects your intelligence (+3).
   rC:        It makes you vulnerable to cold.
   rPois:     It protects you from poison.
 l - a +0 pair of boots (worn)
 v - a scarf of resistance (worn)
Jewellery
 r - a +6 ring of strength (left hand)
 x - an amulet of the acrobat
Scrolls
 g - 6 scrolls of identify
 h - 2 scrolls of amnesia {unknown}
 i - 3 scrolls of teleportation
 o - a scroll of torment {unknown}
 p - 2 scrolls of blinking {unknown}
 u - a scroll of noise {unknown}
 y - a scroll of fear {unknown}
 z - a scroll of immolation {unknown}
Potions
 d - 2 potions of might
 e - a potion of berserk rage {unknown}
 f - a potion of curing
 m - a potion of degeneration {unknown}
 n - a potion of invisibility {unknown}
 q - a potion of lignification {unknown}
 s - a potion of mutation {unknown}
 t - a potion of flight {unknown}


   Skills:
 + Level 5.4 Fighting
 + Level 6.9 Axes
 + Level 5.7 Armour
 + Level 2.5 Dodging
 + Level 0.4 Stealth
 + Level 4.3 Shields


You had 7 spell levels left.
You didn't know any spells.
Your spell library contained the following spells:

 Spells                   Type           Power      Damage    Failure   Level
 Blink                    Tloc           0%         N/A       85%         2
 Ensorcelled Hibernation  Hex/Ice        0%         N/A       85%         2
 Lesser Beckoning         Tloc           0%         N/A       85%         2
 Momentum Strike          Conj/Tloc      0%         3d8       85%         2
 Scorch                   Fire           0%         2d5       85%         2
 Spider Form              Tmut/Pois      0%         N/A       97%         3
 Anguish                  Hex/Necr       0%         N/A       100%        4
 Flame Wave               Conj/Fire      0%         2d4       100%        4
 Summon Cactus Giant      Summ           0%         N/A       100%        6


Dungeon Overview and Level Annotations

Branches:
Dungeon (7/15)             Temple (1/1) D:4

Altars:
Ashenzari
Cheibriados
Dithmenos
Hepliaklqana
Kikubaaqudgha
Okawaru
Qazlal
Uskayaw
Vehumet
Wu Jian

Shops:
D:4 :

Annotations:
D:6 Grinder


Innate Abilities, Weirdness & Mutations

You have a pair of small horns on your head.
You are partially covered in icy blue scales. (AC +2)
A demonic guardian rushes to your aid.


Message History

Your ice devil hits the orc.
The orc dies!
Qazlal accepts your kill.
You can now call upon nature to destroy your foes.
Throw: 6 darts (poison)
Press: ? - help, Q - select action, (/) - cycle Shift-Dir - straight line, f - orc
Aim: an orc, wielding a +0 arbalest and quivering silver boomerangs (59% to hit)
You throw a poisoned dart. The poisoned dart hits the orc.
The orc is poisoned.
The orc shoots a bolt.
The bolt closely misses you.
An orc comes into view. It is wielding a +0 club.
You hear a shout!
The orc shoots a bolt.
The bolt hits your ice devil.
The orc unwields a +0 arbalest.
The orc wields a +0 whip.
The orc closely misses your ice devil.
Found a quarterstaff.
A hornet comes into view.
The hornet buzzes angrily.
Qazlal accepts your kill.
You feel a bit more experienced.
A sourceless malevolence fills the Dungeon...
With a horrendous wail, an alarm goes off!
A sentinel's mark forms upon you.
You hear a bark!
You hear a shout! x9
An orc wizard and a wight come into view.
There is a stone staircase leading up, spattered with blood here.
The orc wizard casts a spell.
The orc wizard flickers and vanishes!
Deactivating autopickup; reactivate with Ctrl-A.
The hornet barely misses you.
You climb upwards.
Level annotation: Grinder Reactivating autopickup.
Grinder hits you but does no damage.
Grinder blinks!
There is a stone staircase leading down here.
Grinder attacks as you move away! Grinder hits you but does no damage.
Grinder attacks as you move away! You block Grinder's attack.
Grinder blinks!
Grinder gestures at you.
You suddenly lose the ability to move!
The ogre hits you with a +0 giant spiked club!!
You die...

########
#......#
#......# #
#......####.#
#...5..#....#
#....5...#
#..<@O...####
#######ยง?(.[#
#..###).....#
#..## ....#..
#.. .......
#.( ...####
... .... #...
..... ....
....##


You could see Grinder, an ogre and an ufetubus.

Vanquished Creatures
  4 yaks (D:5)
  3 ogres
  A phantom (D:7)
  A necrophage (D:5)
  A scorpion (D:4)
  2 howler monkeys
  A jelly (D:5)
  An orc priest (D:7)
  3 hounds
  An iguana (D:4)
  2 orc wizards
  9 gnolls
  9 adders
  An ufetubus (D:5)
  2 worms (D:2)
  A dart slug (D:1)
  11 orcs
  14 ball pythons
  4 bats
  6 endoplasms
  5 giant cockroaches
  4 goblins
  10 hobgoblins
  13 jackals
  9 kobolds
  7 quokkas
  3 frilled lizards
  A rat (D:1)
129 creatures vanquished.

Vanquished Creatures (collateral kills)
  A bullfrog (D:4)
  A gnoll bouda (D:5)
  2 orc wizards
  2 gnolls (D:3)
  2 orcs (D:7)
  A ball python (D:2)
  An endoplasm (D:3)
  A quokka (D:3)
  A bat (D:3)
12 creatures vanquished.

Grand Total: 141 creatures vanquished

Notes
Turn   | Place    | Note
-------+----------+-------------------------------------------
     0 | D:1      | Pimp the Demonspawn Fighter began the quest for the Orb.
     0 | D:1      | Reached XP level 1. HP: 18/18 MP: 1/1
    34 | D:1      | Gained mutation: A weak demonic guardian rushes to your
                  | aid. [demonic ancestry]
    34 | D:1      | Reached XP level 2. HP: 16/24 MP: 2/2
   282 | D:1      | Reached skill level 2 in Axes
   319 | D:1      | Reached XP level 3. HP: 29/29 MP: 3/3
   922 | D:2      | Identified the +3 helmet "Eniociho" {rPois rC- Str+2 Int+3}
  1291 | D:2      | Gained mutation: A demonic guardian rushes to your aid.
                  | [demonic ancestry]
  1291 | D:2      | Reached XP level 4. HP: 35/35 MP: 4/4
  1324 | D:2      | Reached skill level 3 in Axes
  1790 | D:2      | Gained mutation: You have a pair of small horns on your
                  | head. [demonic ancestry]
  1790 | D:2      | Reached XP level 5. HP: 42/42 MP: 5/5
  1808 | D:2      | Reached skill level 1 in Dodging
  2146 | D:3      | Found a broken altar of Ashenzari.
  2818 | D:3      | Reached skill level 4 in Axes
  2832 | D:3      | Gained mutation: You are partially covered in icy blue
                  | scales. (AC +2) [demonic ancestry]
  2832 | D:3      | Reached XP level 6. HP: 35/48 MP: 6/6
  3234 | D:4      | Found a staircase to the Ecumenical Temple.
  3249 | Temple   | Entered the Ecumenical Temple
  3324 | Temple   | Prayed at the altar of an unknown god.
  3324 | Temple   | Became a worshipper of Qazlal Stormbringer
  3324 | Temple   | Reached * piety under Qazlal
  3592 | D:4      | Found Zuworchu's Self-Improvement Boutique.
  3760 | D:4      | Reached XP level 7. HP: 55/55 MP: 7/7
  4193 | D:5      | Entered Level 5 of the Dungeon
  4230 | D:5      | Reached skill level 5 in Axes
  4539 | D:5      | Reached XP level 8. HP: 50/61 MP: 8/8
  4867 | D:5      | Reached skill level 5 in Fighting
  4867 | D:5      | Reached skill level 6 in Axes
  4867 | D:5      | Reached skill level 5 in Armour
  5044 | D:5      | HP: 3/62 [yak (10)]
  5212 | D:6      | Noticed Grinder
  5225 | D:7      | HP: 3/62 [orc priest/+0 flail (6)]
  5239 | D:7      | HP: 3/62 [phantom (5)]
  5275 | D:7      | Reached ** piety under Qazlal
  5281 | D:7      | Noticed a hornet
  5290 | D:6      | Paralysed by Grinder for 4 turns
  5291 | D:6      | Demolished by an ogre

Illustrated notes

Levels and vault maps discovered:
D:1:      spicycebolla_arrival_xxxplode, layout_basic, serial_corexii_hall,
          corexii_hall_statues_s, corexii_hall_statues_i, fountainhead,
          feat_on_display
D:2:      layout_basic, basic_altar, minmay_snake_closets
D:3:      layout_basic, ashenzari_altar_1, solitary_fountain
D:4:      layout_layer_cave, minmay_temple_entry_trees, nicolae_shop_self_help
D:5:      layout_basic
D:6:      layout_rooms, mainiacjoe_overflow_brackets, fedhas_ov_isle_minmay,
          nicolae_gozag_zags_fifth_avenue, serial_shops, nicolae_stop_n_shop_2,
          uniq_edmund, uniq_grinder
D:7:      layout_cave_pools, old_standard_altar, nicolae_ru_path_of_blood,
          nicolae_ossuary_entry_ruins, uniq_duvessa
Temple:   chequers_temple_sunken

Skill      XL: |  1  2  3  4  5  6  7  8 |
---------------+-------------------------+-----
Armour         | 3 4 5 |  5.7
Axes           | 2 3 4 5 6 |  6.9
Shields        | 3 4 |  4.3
Dodging        | 1 2 |  2.5
Fighting       | 4 5 |  5.4
Stealth        | |  0.4

Action                     |  1- 3 |  4- 6 |  7- 9 || total
---------------------------+-------+-------+-------++-------
  Melee: War axe           |   136 |   195 |   114 ||   445
         Headbutt          |       |    21 |    27 ||    48
  Throw: Dart              |       |       |     2 ||     2
    Use: Scroll            |       |       |     3 ||     3
         Potion            |       |       |     2 ||     2
 Armour: Scale mail        |    85 |   128 |    44 ||   257
  Dodge: Dodged            |    76 |   116 |    60 ||   252
  Block: Buckler           |    28 |    45 |    42 ||   115

Table legend: (Time is in decaauts)
 A = Elapsed time spent in this place.
 B = Non-inter-level travel time spent in this place.
 C = Inter-level travel time spent in this place.
 D = Time resting spent in this place.
 E = Time spent auto-exploring this place.
 F = Levels seen in this place.
 G = Mean time per level.
                   A        B        C        D        E       F      G
               +--------+--------+--------+--------+--------+-----+--------+
         Total |   5471 |   5397 |     74 |    579 |   3513 |   8 |  683.9 |
       Dungeon |   5367 |   5293 |     74 |    579 |   3513 |   7 |  766.7 |
        Temple |    104 |    104 |      0 |      0 |      0 |   1 |  104.0 |
               +--------+--------+--------+--------+--------+-----+--------+

Top non-repeatable levels by time:
     D:2: 1245 daAuts
     D:4: 1179 daAuts
     D:3: 1032 daAuts
     D:5: 882 daAuts
     D:1: 785 daAuts
     D:6: 177 daAuts
  Temple: 104 daAuts
     D:7: 65 daAuts
